Map: Templo Congelado

Players

Yoonmi - Winner!

  • Race: Zerg Zerg
  • League: Master

TheZergLord

  • Race: Zerg Zerg
  • League: Master

VOD

Have the link to the VOD?

Description

Time

  • Played on: April 25, 2016, 12:38 p.m.
  • Length: 4:42
Show
View Real Time Build Order
Export as new Build Order

Yoonmi Zerg - Winner!

Build Orders: Hatch First 

Get SALT Encoding   

  12  0:00  Drone  
  13  0:12  Overlord  
  13  0:18  Drone  
  14  0:31  Drone x2  
  14  0:34  Drone  
  17  0:45  Drone  
  18  0:57  Hatchery  
  18  0:59  Drone  
  18  1:06  Drone  
  19  1:13  Extractor  
  18  1:19  Spawning Pool  
  18  1:21  Drone  
  18  1:29  Drone  
  19  1:39  Overlord  
  19  1:49  Drone  
  20  2:01  Drone  
  21  2:08  Queen  
  23  2:09  Queen  
  23  2:12  Metabolic Boost  
  23  2:15  Zergling x2  
  26  2:16  Drone  
  27  2:24  Drone x2  
  29  2:33  Baneling Nest  
  29  2:35  Drone x2  
  30  2:42  Drone  
  31  2:51  Zergling x2  
  31  2:54  Zergling x4  
  34  2:58  Evolution Chamber  
  34  3:05  Overlord  
  33  3:13  Overlord  
  33  3:17  Zergling x6  
  36  3:27  Zergling x8  
  36  3:28  Zergling x4  
  42  3:41  Baneling x2  
  42  3:44  Zergling x4  
  44  4:02  Zergling x14  
  50  4:15  Zergling x4  
Show
View Real Time Build Order
Export as new Build Order

TheZergLord Zerg 

Build Orders: Hatch First 

Get SALT Encoding   

  12  0:01  Drone  
  13  0:13  Overlord  
  13  0:18  Drone  
  14  0:32  Drone x2  
  16  0:35  Drone  
  17  0:52  Hatchery  
  17  0:55  Drone  
  17  1:09  Spawning Pool  
  17  1:11  Extractor  
  15  1:14  Drone  
  16  1:18  Drone  
  16  1:25  Drone  
  18  1:28  Drone  
  19  1:39  Overlord  
  19  1:57  Queen  
  19  1:58  Zergling x2  
  22  2:03  Drone  
  22  2:04  Queen  
  22  2:05  Drone  
  26  2:12  Drone  
  26  2:13  Metabolic Boost  
  27  2:19  Drone  
  28  2:25  Drone  
  29  2:30  Drone  
  30  2:49  Hatchery  
  30  2:51  Drone x2  
  30  2:56  Roach Warren  
  30  2:58  Drone  
  31  3:01  Overlord  
  31  3:04  Drone x2  
  32  3:07  Drone  
  32  3:09  Drone  
  32  3:11  Drone  
  35  3:14  Drone  
  36  3:21  Zergling x6  
  36  3:23  Zergling x2  
  36  3:25  Zergling x2  
  41  3:30  Zergling x2  
  42  3:37  Overlord  
  42  3:40  Roach  
  44  3:45  Extractor  
  43  3:54  Overlord x2  
  43  3:57  Roach  
  43  3:58  Roach x3  
  45  4:12  Roach x2  
  47  4:22  Roach x2  
  47  4:23  Zergling x4  
  47  4:24  Zergling x2  
Tags
 
Add a new tag
Caveats
  • Supply blocks, unpowered buildings, or Contaminate may cause inaccurate times.
  • Supply counts are checked every 10 seconds.